 Dungeon Crawl Stone Soup version 0.32-a0-841-g4648e6c457 (webtiles) character file.

Game seed: 3964904089299127558

4835 cforsyth the Thaumaturge (level 10, -4/50 HPs)
             Began as a Deep Elf Summoner on Mar 26, 2024.
             Was a Follower of Sif Muna.
             Slain by Amaemon
             ... wielding a +1 demon whip of venom
              (12 damage)
             ... on level 8 of the Dungeon.
             The game lasted 00:19:18 (8598 turns).

cforsyth the Thaumaturge (Deep Elf Summoner)        Turns: 8598, Time: 00:19:18

Health: -4/50      AC:  5    Str:  5    XL:     10   Next: 25%
Magic:  17/29      EV: 11    Int: 25    God:    Sif Muna [*.....]
Gold:   421        SH:  0    Dex: 15    Spells: 21/35 levels left

rFire   + . .        (no weapon)
rCold   . . .        (no shield)
rNeg    . . .        a - +0 robe
rPois   .            u - +2 hat
rElec   .            x - +0 cloak
rCorr   .            (no gloves)
SInv    .            (no boots)
Will    ++...        k - amulet of magic regeneration
Stlth   ++           W - ring of willpower
HPRegen 0.28/turn    F - ring of protection from fire
MPRegen 0.61/turn

%: no passive effects
@: lethally poisoned (-4 -> -52), slowed, inugami summoned, very slow
A: no striking features
a: Renounce Religion, Channel Magic


You were on level 8 of the Dungeon.
You worshipped Sif Muna.
Sif Muna was aware of your devotion.
You visited 2 branches of the dungeon, and saw 9 of its levels.

You collected 421 gold pieces.


   Skills:
 - Level 2.4 Dodging
 - Level 2.4 Stealth
 + Level 13.0 Spellcasting
 + Level 11.9 Summonings
 - Level 4.0 Fire Magic
 - Level 4.0 Air Magic


You had 21 spell levels left.
You knew the following spells:

 Your Spells              Type           Power      Damage    Failure   Level
c - Call Imp              Summ           100%       N/A       1%          2
f - Call Canine Familiar  Summ           66%        N/A       1%          3
l - Summon Lightning Spi  Summ/Air       54%        N/A       1%          4
z - Summon Small Mammal   Summ           100%       N/A       1%          1
X - Summon Blazeheart Go  Fire/Summ      54%        N/A       1%          4

Your spell library contained the following spells:

 Spells                   Type           Power      Damage    Failure   Level
 Summon Ice Beast         Ice/Summ       46%        N/A       1%          3
 Sandblast                Erth           32%        2d9       3%          1
 Inner Flame              Hex/Fire       26%        N/A       4%          3
 Volatile Blastmotes      Fire/Tloc      52%        2d14      4%          3
 Summon Mana Viper        Hex/Summ       46%        N/A       9%          5
 Stone Arrow              Conj/Erth      32%        3d9       11%         3
 Monstrous Menagerie      Summ           33%        N/A       22%         7
 Brom's Barrelling Bould  Conj/Erth      16%        2d4       34%         4
 Fulminant Prism          Conj/Alch      8%         3d7       34%         4
 Iskenderun's Mystic Bla  Conj/Tloc      16%        2d5       34%         4
 Irradiate                Conj/Alch      8%         3d14      69%         5
 Ignition                 Fire           18%        3d7       100%        8

Inventory:

Armour
 a - a +0 robe (worn)
 u - a +2 hat (worn)
 x - a +0 cloak (worn)
 A - the +0 pair of boots "Micehee" {rPois rF+ Dex+3}
   (You found it on level 7 of the Dungeon)

   Dex+3:     It affects your dexterity (+3).
   rF+:       It protects you from fire.
   rPois:     It protects you from poison.
Jewellery
 k - an amulet of magic regeneration (around neck)
 n - an amulet of reflection
 F - a ring of protection from fire (right hand)
 W - a ring of willpower (left hand)
Wands
 c - a wand of mindburst (19)
 y - a wand of warping (11)
 B - a wand of paralysis (15)
Scrolls
 d - a scroll of blinking {unknown}
 f - a scroll of silence {!r}
 h - 4 scrolls of teleportation {unknown}
 i - a scroll of poison {unknown}
 l - a scroll of immolation
 m - 2 scrolls of fear {unknown}
 p - a scroll of enchant weapon
 q - 2 scrolls of amnesia {unknown}
 r - a scroll of revelation
 s - a scroll of vulnerability
 v - a scroll of noise
 z - a scroll of identify {@r1}
Potions
 b - a potion of magic
 e - a potion of mutation
 g - a potion of invisibility
 j - a potion of resistance
 o - 2 potions of enlightenment
 t - 2 potions of berserk rage {!q}
 w - a potion of haste {@q3}
 C - a potion of might {unknown}

Dungeon Overview and Level Annotations

Branches:
Dungeon (8/15)             Temple (1/1) D:4
   Lair: D:8-11

Altars:
Ashenzari
Cheibriados
Dithmenos
Elyvilon
Fedhas
Gozag
Hepliaklqana
Kikubaaqudgha
Makhleb
Nemelex Xobeh
Okawaru
Qazlal
Ru
Sif Muna
Trog
Uskayaw
Vehumet
Wu Jian
Xom
Yredelemnul
Zin
The Shining One

Annotations:
D:6 3 runed translucent doors, zenocrate's ghost, novice OpEE
D:7 2 runed translucent doors, Spacecowgir2's ghost, novice DsRe
D:8 Amaemon

## ##### ..# #...######## .
#)# #........... .. #.#
#...######## ... #)# ##.##
# ...######)## #.#########
.. .....h...## #.......##.
....#.#94#I..####.#####.##.
........r6@.........###.##.
........).░░░░░░░░......##.
..░░░░░░░░.......░).##..##.
░.......░░░░░░.░.I##..##.
░.░░░░░░.....░.░..##..##.
░.░....h▒▒▒▒.░.░......##.
░.░.▒▒▒▒h..▒.░.░..##..##.
░.░.▒..h░░.▒.░.░...#.###.
░.░.▒.░░h░.▒.░5░59...# #.


You could see Amaemon (ally target), an orange demon (curare, ally target), a
friendly lightning spire (summoned), a friendly blazeheart golem (summoned) and
a friendly quokka (summoned).


Message History

Casting: Call Canine Familiar (safe; 1% risk of failure)
Confirm with . or Enter, or press ? or * to list all spells.
A fiery spirit appears, bound in slag iron.
You feel very sick. The orange demon misses you.
Your quokka bites Amaemon but does no damage.
Amaemon barely misses you. Amaemon claws you but does no damage.
Amaemon tail-slaps you.
* * * LOW HITPOINT WARNING * * *
Your inugami hits the orange demon!
Unknown command.
Unknown command.
Unknown command.
Unknown command.
Unknown command.
Okay, then.
Okay, then.
Unknown command.
Unknown command.
Unknown command.
You feel very sick.
Your quokka completely misses Amaemon.
The orange demon stings you from afar.
* * * LOW HITPOINT WARNING * * *
You are lethally poisoned!
You have difficulty breathing.
* * * LOW HITPOINT WARNING * * *
You feel yourself slow down.
Your quokka barely misses Amaemon.
Amaemon hits you with a +1 demon whip of venom!
You die...

Skill      XL: |  1  2  3  4  5  6  7  8  9 10 |
---------------+-------------------------------+-----
Spellcasting   | 4 5 6 7 10 12 13 | 13.0
Summonings     | 5 6 7 9 11 | 11.9
Air Magic      | 2 3 4 |  4.0
Fire Magic     | 2 3 4 |  4.0
Dodging        | |  2.4
Stealth        | |  2.4

Action                     |  1- 3 |  4- 6 |  7- 9 | 10-12 || total
---------------------------+-------+-------+-------+-------++-------
  Melee: Unarmed           |    22 |    12 |    13 |     2 ||    49
   Cast: Summon Small Mamm |    44 |    43 |    24 |     6 ||   117
         Call Imp          |    13 |    25 |    31 |     8 ||    77
         Call Canine Famil |     8 |    21 |    25 |     7 ||    61
         Summon Lightning  |       |       |    23 |     7 ||    30
         Summon Blazeheart |       |       |     2 |     2 ||     4
  Evoke: Wand              |       |       |       |     1 ||     1
    Use: Scroll            |       |       |    13 |       ||    13
   Stab: Distracted        |     1 |       |     1 |       ||     2
 Armour: Robe              |    33 |    25 |    25 |     9 ||    92
  Dodge: Dodged            |    46 |    35 |    35 |     9 ||   125

Levels and vault maps discovered:
D:1:      onia_arrival_handbag, layout_basic,
          hellmonk_ecumenical_altar_crossroads, minmay_pentomino_o2
D:2:      layout_loops_ring, amethyst_killhole, minmay_misc_feat_room,
          kennysheep_generic_room_12
D:3:      layout_loops_ring, lemuel_crystal_altar, uniq_terence, uniq_natasha
D:4:      layout_basic, amethyst_overflow_temple_binary, kennysheep_little_box,
          temple_hall
D:5:      layout_rooms, serial_corexii_hall, chequers_hall_statues_y,
          corexii_hall_statues_s, uniq_crazy_yiuf_cottage, uniq_blork_the_orc
D:6:      layout_layer_cave, nicolae_overflow_hidden_temple,
          gammafunk_ghost_split, uniq_maggie
D:7:      layout_loops_ring, nicolae_tso_carved_into_rock,
          mainiacjoe_overflow_chevrons, ebering_ghost_disaster_area, uniq_pikel
D:8:      minmay_distorted_concentric_squares, layout_loops_ring,
          erik_lair_dragon, uniq_amaemon
Temple:   hellmonk_temple_of_storms

Notes
Turn   | Place    | Note
-------+----------+-------------------------------------------
     0 | D:1      | cforsyth the Deep Elf Summoner began the quest for the Orb.
     0 | D:1      | Reached XP level 1. HP: 10/10 MP: 6/6
    52 | D:1      | Found a faded altar of an unknown god.
   214 | D:1      | Reached XP level 2. HP: 15/15 MP: 6/8
   264 | D:1      | Learned a level 2 spell: Call Imp
   598 | D:1      | Reached skill level 4 in Spellcasting
   671 | D:1      | Reached skill level 5 in Summonings
   671 | D:1      | Reached XP level 3. HP: 19/19 MP: 5/10
   774 | D:1      | Learned a level 3 spell: Call Canine Familiar
  1937 | D:2      | Reached XP level 4. HP: 24/24 MP: 6/12
  2305 | D:3      | Found a shimmering altar of Xom.
  2414 | D:3      | Reached skill level 5 in Spellcasting
  2422 | D:3      | Noticed Terence
  2450 | D:3      | Killed Terence
  2643 | D:3      | Reached XP level 5. HP: 28/28 MP: 14/14
  2685 | D:3      | Noticed Natasha
  2694 | D:3      | Killed Natasha
  2742 | D:3      | Reached skill level 6 in Summonings
  3092 | D:3      | Found a shimmering altar of Xom.
  3252 | D:3      | Noticed Natasha
  3262 | D:3      | Killed Natasha
  3486 | D:3      | Noticed Natasha
  3498 | D:3      | Killed Natasha
  3499 | D:3      | Reached skill level 6 in Spellcasting
  3807 | D:4      | Found a sacrificial altar of Ru.
  3976 | D:4      | Reached XP level 6. HP: 32/32 MP: 17/17
  4102 | D:4      | Found an ornate altar of the Wu Jian Council.
  4113 | D:4      | Found a hide-covered altar of Uskayaw.
  4283 | D:4      | Reached skill level 1 in Air Magic
  4358 | D:4      | Reached skill level 1 in Fire Magic
  4604 | D:4      | Found a staircase to the Ecumenical Temple.
  4673 | D:5      | Entered Level 5 of the Dungeon
  4683 | D:5      | Noticed Blork the orc
  4698 | D:5      | Killed Blork the orc
  4800 | D:5      | Reached skill level 2 in Fire Magic
  4800 | D:5      | Reached skill level 2 in Air Magic
  4986 | D:5      | Reached XP level 7. HP: 36/36 MP: 17/19
  4999 | D:5      | Reached skill level 7 in Spellcasting
  5010 | D:5      | Reached skill level 7 in Summonings
  5042 | D:5      | Reached skill level 3 in Fire Magic
  5042 | D:5      | Reached skill level 3 in Air Magic
  5047 | D:5      | Learned a level 4 spell: Summon Blazeheart Golem
  5052 | D:5      | Learned a level 4 spell: Summon Lightning Spire
  5341 | D:5      | You fall into a shaft and drop 2 floors!
  5387 | D:6      | Noticed a cyclops
  5431 | D:6      | Noticed zenocrate's ghost (novice OpEE)
  5436 | D:6      | Found a runed translucent gate.
  5436 | D:6      | Found a runed translucent gate.
  5451 | D:6      | Reached XP level 8. HP: 41/41 MP: 18/21
  5461 | D:6      | Found a runed translucent gate.
  5566 | D:6      | Noticed Maggie
  5568 | D:6      | Reached skill level 8 in Spellcasting
  5568 | D:6      | Reached skill level 4 in Air Magic
  5576 | D:6      | Killed Maggie
  5577 | D:6      | Reached skill level 8 in Summonings
  5577 | D:6      | Reached skill level 4 in Fire Magic
  5700 | D:6      | Reached skill level 9 in Spellcasting
  5729 | D:6      | Found a sparkling altar of Nemelex Xobeh.
  5748 | D:6      | Reached skill level 9 in Summonings
  5847 | D:6      | Noticed a troll
  5861 | D:6      | Killed a troll
  5862 | D:6      | Reached skill level 10 in Spellcasting
  5862 | D:6      | Reached XP level 9. HP: 45/45 MP: 18/25
  6283 | Temple   | Entered the Ecumenical Temple
  6288 | Temple   | Became a worshipper of Sif Muna the Loreminder
  6555 | D:5      | Found a runed translucent door.
  6556 | D:5      | Noticed Crazy Yiuf
  6565 | D:5      | Killed Crazy Yiuf
  7038 | D:7      | Identified a potion of resistance
  7163 | D:7      | Reached skill level 10 in Summonings
  7450 | D:7      | Found a hazy altar of Hepliaklqana.
  7509 | D:7      | Found a large runed translucent door.
  7509 | D:7      | Found a large runed translucent door.
  7513 | D:7      | Noticed Spacecowgir2's ghost (novice DsRe)
  7646 | D:7      | Identified the +0 pair of boots "Micehee" {rPois rF+ Dex+3}
  7660 | D:7      | Noticed Pikel
  7676 | D:7      | Paralysed by Pikel for 3 turns
  7679 | D:7      | Killed Pikel
  7680 | D:7      | Reached skill level 11 in Spellcasting
  7695 | D:7      | Found a glowing golden altar of the Shining One.
  7938 | D:8      | Noticed a troll
  7957 | D:8      | Killed a troll
  7958 | D:8      | Reached skill level 12 in Spellcasting
  7958 | D:8      | Reached skill level 11 in Summonings
  8146 | D:8      | Reached * piety under Sif Muna
  8240 | D:8      | Reached XP level 10. HP: 37/50 MP: 25/28
  8450 | D:8      | Noticed a gargoyle
  8457 | D:8      | Killed a gargoyle
  8498 | D:8      | Reached skill level 13 in Spellcasting
  8561 | D:8      | Noticed Amaemon
  8569 | D:8      | Noticed an orange demon
  8598 | D:8      | Slain by Amaemon

Vanquished Creatures
  A ball python (D:1)
1 creature vanquished.

Vanquished Creatures (collateral kills)
  Pikel (D:7)
  Maggie (D:6)
  A gargoyle (D:8)
  2 trolls
  A hornet (D:8)
  A slime creature (D:8)
  A steam dragon (D:7)
  2 water moccasins
  A sky beast (D:7)
  2 black bears (D:5)
  An ice beast (D:6)
  2 ogres (D:5)
  2 centaurs
  4 lemures (D:7)
  2 kobold brigands
  2 phantoms (D:6)
  Blork the orc (D:5)
  4 bullfrogs
  A wight (D:8)
  10 killer bees (D:8)
  A bombardier beetle (D:3)
  3 hounds
  A gnoll bouda (D:8)
  4 orc priests
  Crazy Yiuf (D:5)
  4 iguanas
  A sleepcap (D:8)
  Natasha (thrice) (D:3)
  Terence (D:3)
  6 orc wizards
  5 gnolls (D:8)
  7 adders
  2 ribbon worms
  6 dart slugs
  32 orcs
  10 bats
  6 endoplasms
  4 giant cockroaches
  4 goblins (D:1)
  5 hobgoblins
  5 quokkas
  2 ball pythons (D:1)
  2 frilled lizards (D:1)
  15 kobolds
  6 rats
178 creatures vanquished.

Grand Total: 179 creatures vanquished

Table legend: (Time is in decaauts)
 A = Elapsed time spent in this place.
 B = Non-inter-level travel time spent in this place.
 C = Inter-level travel time spent in this place.
 D = Time resting spent in this place.
 E = Time spent auto-exploring this place.
 F = Levels seen in this place.
 G = Mean time per level.
                   A        B        C        D        E       F      G
               +--------+--------+--------+--------+--------+-----+--------+
         Total |   8597 |   8226 |    371 |     74 |   6301 |   9 |  955.2 |
       Dungeon |   8586 |   8220 |    366 |     74 |   6301 |   8 | 1073.2 |
        Temple |     10 |      5 |      5 |      0 |      0 |   1 |   10.0 |
               +--------+--------+--------+--------+--------+-----+--------+

Top non-repeatable levels by time:
     D:1: 1359 daAuts
     D:3: 1301 daAuts
     D:6: 1232 daAuts
     D:4: 1209 daAuts
     D:2: 945 daAuts
     D:7: 937 daAuts
     D:5: 936 daAuts
     D:8: 663 daAuts
  Temple: 10 daAuts

Table legend:
 A = Non-vault XP
 B = Vault XP
 C = Vault XP percentage of total XP
 D = Non-vault monster count
 E = Vault monster count
 F = Vault count percentage of total count
                 A         B        C        D         E       F
            +---------+---------+-------+---------+---------+-------
      Total |    4665 |    2243 |  32.5 |     157 |      18 |  10.3
            +---------+---------+-------+---------+---------+-------
        D:1 |      52 |       9 |  14.8 |      26 |       6 |  18.8
        D:2 |      36 |       2 |   5.3 |       8 |       1 |  11.1
        D:3 |     157 |      72 |  31.4 |      17 |       2 |  10.5
        D:4 |     127 |       0 |   0.0 |      19 |       0 |   0.0
        D:5 |     863 |     136 |  13.6 |      20 |       2 |   9.1
        D:6 |    1366 |     415 |  23.3 |      17 |       1 |   5.6
        D:7 |     557 |     593 |  51.6 |      15 |       1 |   6.2
        D:8 |    1507 |    1016 |  40.3 |      35 |       5 |  12.5
            +---------+---------+-------+---------+---------+-------
